MWL (24 & UNDER)
CINCINNATI PRIDE @ PLUMSTEAD EAGLES
08/28/2030
 
TOP OF THE 1ST
Cincinnati Pride batting - Pitching for Plumstead Eagles : RHP Michael Knight
Pitching: RHP Michael Knight
Batting: LHB Ed Ballard 0-0: Ball
1-0: SINGLE (Groundball, 6MD)
Batting: RHB Dudley Helms 0-0: Ball
1-0: Ball
2-0: Ball
3-0: Called Strike
3-1: Grounds into double play, 5-4-3 (Groundball, 5)
Batting: LHB Pablo Garza 0-0: Ball
1-0: Fly out, F9 (Flyball, 89XD)
Top of the 1st over - 0 runs, 1 hit, 0 errors, 0 left on base; Cincinnati 0 - Plumstead 0
BOTTOM OF THE 1ST
Plumstead Eagles batting - Pitching for Cincinnati Pride : RHP Bill Washington
Pitching: RHP Bill Washington
Batting: RHB Wayne Workman 0-0: Ball
1-0: Ball
2-0: Called Strike
2-1: Ball
3-1: Called Strike
3-2: Foul Ball, location: 2F
3-2: Base on Balls
Batting: LHB António Álvarez 0-0: Ball
Wayne Workman is caught stealing 2nd base
1-0: Ball
2-0: SINGLE (Line Drive, 7S)
Batting: LHB Conan Bush 0-0: Reaches on Catchers interference
António Álvarez to second
Batting: RHB Larry Johnson 0-0: Ball
1-0: Grounds into double play, 6-4-3 (Groundball, 6)
Bottom of the 1st over - 0 runs, 1 hit, 1 error, 1 left on base; Cincinnati 0 - Plumstead 0
TOP OF THE 2ND
Cincinnati Pride batting - Pitching for Plumstead Eagles : RHP Michael Knight
Batting: LHB Terry Barton 0-0: Ground out U3 (Groundball, 3)
Batting: LHB Juan Ortíz 0-0: Foul Ball, location: 2F
0-1: Called Strike
0-2: Strikes out swinging
Batting: RHB Travis Jackson 0-0: Ball
1-0: Ball
2-0: Called Strike
2-1: Called Strike
2-2: Foul Ball, location: 2F
2-2: Strikes out swinging
Top of the 2nd over - 0 runs, 0 hits, 0 errors, 0 left on base; Cincinnati 0 - Plumstead 0
BOTTOM OF THE 2ND
Plumstead Eagles batting - Pitching for Cincinnati Pride : RHP Bill Washington
Batting: LHB Miguel Gamboa 0-0: Ball
1-0: Ground out U3 (Groundball, 3L)
Batting: LHB Joe Rutherford 0-0: Foul Ball, location: 2F
0-1: Foul Ball, location: 2F
0-2: Ground out 4-3 (Groundball, 34)
Batting: RHB Jimmy Myers 0-0: Called Strike
0-1: Ball
1-1: Called Strike
1-2: Foul Ball, location: 2F
1-2: Ball
2-2: Ball
3-2: Base on Balls
Batting: LHB José Marín Pickoff Throw to First - Error! E1
Jimmy Myers to second
0-0: Swinging Strike
0-1: Ball
Wild Pitch!
Jimmy Myers to third
1-1: Called Strike
1-2: Strikes out swinging
Bottom of the 2nd over - 0 runs, 0 hits, 1 error, 1 left on base; Cincinnati 0 - Plumstead 0
TOP OF THE 3RD
Cincinnati Pride batting - Pitching for Plumstead Eagles : RHP Michael Knight
Batting: LHB Gene Cherry 0-0: Swinging Strike
0-1: Ball
1-1: Ball
2-1: Swinging Strike
2-2: Foul Ball, location: 2F
2-2: Ball
3-2: Fly out, F1 (Line Drive, 13S)
Batting: RHB Owen Grant 0-0: Ball
1-0: Swinging Strike
1-1: Foul Ball, location: 2F
1-2: Ball
2-2: Foul Ball, location: 2F
2-2: Foul Ball, location: 2F
2-2: Ground out 6-3 (Groundball, 6D)
Batting: RHB Ed Hines 0-0: Swinging Strike
0-1: Ball
1-1: Ball
2-1: Foul Ball, location: 2F
2-2: Ball
3-2: Strikes out swinging passed ball, reaches first!
Batting: LHB Ed Ballard 0-0: Ball
1-0: Ball
2-0: Ball
3-0: Called Strike
3-1: Fly out, F8 (Flyball, 8LM)
Top of the 3rd over - 0 runs, 0 hits, 0 errors, 1 left on base; Cincinnati 0 - Plumstead 0
BOTTOM OF THE 3RD
Plumstead Eagles batting - Pitching for Cincinnati Pride : RHP Bill Washington
Batting: LHB Roberto Alba 0-0: Foul Ball, location: 2F
0-1: Called Strike
0-2: Strikes out swinging
Batting: RHB Wayne Workman 0-0: Ball
1-0: Foul Ball, location: 2F
1-1: Swinging Strike
1-2: Strikes out swinging
Batting: LHB António Álvarez 0-0: Called Strike
0-1: Foul Ball, location: 2F
0-2: Ball
1-2: Foul Ball, location: 2F
1-2: Foul Ball, location: 2F
1-2: Ground out 4-3 (Groundball, 4S)
Bottom of the 3rd over - 0 runs, 0 hits, 0 errors, 0 left on base; Cincinnati 0 - Plumstead 0
TOP OF THE 4TH
Cincinnati Pride batting - Pitching for Plumstead Eagles : RHP Michael Knight
Batting: RHB Dudley Helms 0-0: Bunt for hit - play at first, batter OUT! 2-3
Batting: LHB Pablo Garza 0-0: Fly out, F5 (Line Drive, 5S)
Batting: LHB Terry Barton 0-0: Called Strike
0-1: Ball
1-1: Ball
2-1: SINGLE (Line Drive, 9S)
Batting: LHB Juan Ortíz 0-0: SINGLE (Groundball, 4MD)
Terry Barton to second
Batting: RHB Travis Jackson 0-0: Called Strike
0-1: Ball
1-1: Ball
2-1: SINGLE (Line Drive, 6MD)
Terry Barton to third
Juan Ortíz to second
Batting: LHB Gene Cherry 0-0: Swinging Strike
0-1: GRAND SLAM HOME RUN (Flyball, 9LD), Distance : 360 ft
Batting: RHB Owen Grant 0-0: Foul Ball, location: 2F
0-1: Hit by Pitch
Batting: RHB Ed Hines 0-0: Ball
1-0: Fly out, F9 (Line Drive, 89S)
Top of the 4th over - 4 runs, 4 hits, 0 errors, 1 left on base; Cincinnati 4 - Plumstead 0
BOTTOM OF THE 4TH
Plumstead Eagles batting - Pitching for Cincinnati Pride : RHP Bill Washington
Batting: LHB Conan Bush 0-0: Swinging Strike
0-1: Hit by Pitch
Batting: RHB Larry Johnson 0-0: Ball
1-0: Fly out, F7 (Flyball, 78D)
Batting: LHB Miguel Gamboa 0-0: Ball
1-0: Called Strike
1-1: Foul Ball, location: 2F
1-2: SINGLE (Flyball, 4D)
Conan Bush to second
Runner from 2nd tries for 3rd, SAFE, no throw
Batting: LHB Joe Rutherford 0-0: Called Strike
0-1: Called Strike
0-2: Ball
1-2: SINGLE (Groundball, 34D)
Conan Bush scores
Miguel Gamboa to second
Runner from 2nd tries for 3rd, SAFE, no throw
Batting: RHB Jimmy Myers 0-0: Called Strike
0-1: Ball
1-1: Foul Ball, location: 2F
1-2: Ball
2-2: Ball
3-2: Strikes out swinging
Batting: LHB José Marín 0-0: Foul Ball, location: 2F
0-1: Ball
1-1: Ball
2-1: Foul Ball, location: 2F
2-2: Foul Ball, location: 2F
2-2: Strikes out swinging
Bottom of the 4th over - 1 run, 2 hits, 0 errors, 2 left on base; Cincinnati 4 - Plumstead 1
TOP OF THE 5TH
Cincinnati Pride batting - Pitching for Plumstead Eagles : RHP Michael Knight
Batting: LHB Ed Ballard 0-0: Ball
1-0: Called Strike
1-1: Ball
2-1: Ball
3-1: Foul Ball, location: 2F
3-2: Base on Balls
Batting: RHB Dudley Helms 0-0: Called Strike
0-1: Called Strike
0-2: Ball
1-2: Ground out U3 (Groundball, 34S)
Ed Ballard to second
Batting: LHB Pablo Garza 0-0: Called Strike
0-1: Ball
1-1: Fly out, F9 (Line Drive, 9)
Batting: LHB Terry Barton 0-0: Called Strike
Ed Ballard is caught stealing 3rd base
Top of the 5th over - 0 runs, 0 hits, 0 errors, 0 left on base; Cincinnati 4 - Plumstead 1
BOTTOM OF THE 5TH
Plumstead Eagles batting - Pitching for Cincinnati Pride : RHP Bill Washington
Batting: LHB Roberto Alba 0-0: Called Strike
0-1: Ball
1-1: Ball
2-1: Foul Ball, location: 2F
2-2: Ball
3-2: Foul Ball, location: 2F
3-2: Base on Balls
Pitching: RHP Pierre-Olivier Morin
Batting: RHB Wayne Workman 0-0: Swinging Strike
0-1: Ball
1-1: Called Strike
1-2: Strikes out swinging
Batting: LHB António Álvarez 0-0: Ball
1-0: Foul Ball, location: 2F
1-1: Hit by Pitch
Roberto Alba to second
Batting: LHB Conan Bush 0-0: Ball
1-0: DOUBLE (Line Drive, 89D)
Roberto Alba scores
António Álvarez to third
Batting: RHB Larry Johnson 0-0: Called Strike
0-1: SINGLE (Flyball, 78M)
António Álvarez scores
Conan Bush to third
Batting: LHB Miguel Gamboa 0-0: Foul Ball, location: 2F
0-1: Ball
1-1: Fly out, F8 (Flyball, 8RS)
Runner from 3rd tags up, SCORES, no throw
Batting: LHB Joe Rutherford 0-0: Called Strike
0-1: Ball
1-1: Ball
Wild Pitch!
Larry Johnson to second
2-1: Ground out U3 (Groundball, 3S)
Bottom of the 5th over - 3 runs, 2 hits, 0 errors, 1 left on base; Cincinnati 4 - Plumstead 4
TOP OF THE 6TH
Cincinnati Pride batting - Pitching for Plumstead Eagles : RHP Michael Knight
Batting: LHB Terry Barton 0-0: Ball
1-0: Ball
2-0: Called Strike
2-1: Foul Ball, location: 2F
2-2: Fly out, F4 (Flyball, 4MD)
Batting: LHB Juan Ortíz 0-0: Called Strike
0-1: Swinging Strike
0-2: Ball
1-2: Strikes out swinging
Batting: RHB Travis Jackson 0-0: Ball
1-0: Ball
2-0: Called Strike
2-1: Ball
3-1: Base on Balls
Batting: LHB Gene Cherry 0-0: Called Strike
Travis Jackson steals 2nd base
0-1: Called Strike
0-2: Ball
1-2: Ball
2-2: Ball
3-2: Foul Ball, location: 2F
3-2: Foul Ball, location: 2F
3-2: Base on Balls
Batting: RHB Owen Grant 0-0: Ball
1-0: Foul Ball, location: 2F
1-1: Fly out, F8 (Flyball, 89S)
Top of the 6th over - 0 runs, 0 hits, 0 errors, 2 left on base; Cincinnati 4 - Plumstead 4
BOTTOM OF THE 6TH
Plumstead Eagles batting - Pitching for Cincinnati Pride : RHP Pierre-Olivier Morin
Pitching: RHP Orlando Martínez
Batting: RHB Jimmy Myers 0-0: Ball
1-0: Ball
2-0: Swinging Strike
2-1: Called Strike
2-2: Ball
3-2: Strikes out swinging
Batting: LHB José Marín 0-0: Ball
1-0: Ball
2-0: Ball
3-0: Base on Balls
Batting: LHB Roberto Alba 0-0: Called Strike
José Marín steals 2nd base
0-1: Called Strike
0-2: Ball
1-2: Ball
2-2: Strikes out looking
Batting: RHB Wayne Workman 0-0: Called Strike
0-1: Swinging Strike
0-2: Ball
1-2: Ball
2-2: Strikes out swinging
Bottom of the 6th over - 0 runs, 0 hits, 0 errors, 1 left on base; Cincinnati 4 - Plumstead 4
TOP OF THE 7TH
Cincinnati Pride batting - Pitching for Plumstead Eagles : RHP Michael Knight
Pitching: RHP John Bauer
Pinch Hitting: SHB Jorge Maldonado 0-0: Called Strike
0-1: SINGLE (Line Drive, 6D)
Batting: LHB Ed Ballard 0-0: Sac Bunt - play at first, batter OUT! 1-4
Jorge Maldonado to second
Pinch Hitting: LHB Kevin Hatcher 0-0: Called Strike
0-1: Ground out 5-3 (Groundball, 2L)
Jorge Maldonado to third
Batting: LHB Pablo Garza 0-0: Ball
1-0: Swinging Strike
1-1: Called Strike
1-2: Strikes out swinging
Top of the 7th over - 0 runs, 1 hit, 0 errors, 1 left on base; Cincinnati 4 - Plumstead 4
BOTTOM OF THE 7TH
Plumstead Eagles batting - Pitching for Cincinnati Pride : RHP Orlando Martínez
Pitching: LHP Juan Valentín
Now at 3B: Jorge Maldonado
Now in LF: Kevin Hatcher
Pinch Hitting: RHB Enrico Castro 0-0: Ball
1-0: Ball
2-0: Called Strike
2-1: Foul Ball, location: 2F
2-2: Foul Ball, location: 2F
2-2: Foul Ball, location: 2F
2-2: SINGLE (Groundball, 4MD)
Batting: LHB Conan Bush 0-0: Ball
1-0: Grounds into double play, 4-6-3 (Groundball, 4)
Pitching: RHP Manuel Garza
Batting: RHB Larry Johnson 0-0: Ground out 6-3 (Groundball, 6)
Bottom of the 7th over - 0 runs, 1 hit, 0 errors, 0 left on base; Cincinnati 4 - Plumstead 4
TOP OF THE 8TH
Cincinnati Pride batting - Pitching for Plumstead Eagles : RHP John Bauer
Now in CF: Enrico Castro
Batting: LHB Terry Barton 0-0: Foul Ball, location: 2F
0-1: Ball
1-1: Foul Ball, location: 2F
1-2: Foul Ball, location: 2F
1-2: Ball
2-2: Strikes out swinging
Batting: LHB Juan Ortíz 0-0: Foul Ball, location: 2F
0-1: Ball
1-1: Called Strike
1-2: Ball
2-2: Ball
3-2: Fly out, F9 (Line Drive, 9)
Pinch Hitting: LHB José Esparza 0-0: Foul Ball, location: 2F
0-1: Called Strike
0-2: Strikes out looking
Top of the 8th over - 0 runs, 0 hits, 0 errors, 0 left on base; Cincinnati 4 - Plumstead 4
BOTTOM OF THE 8TH
Plumstead Eagles batting - Pitching for Cincinnati Pride : RHP Manuel Garza
Now at 3B: José Esparza
Batting: LHB Miguel Gamboa 0-0: Called Strike
0-1: Fly out, F9 (Flyball, 89M)
Batting: LHB Joe Rutherford 0-0: Fly out, F9 (Flyball, 9)
Pinch Hitting: LHB Roberto Rodríguez 0-0: Ball
1-0: Ball
2-0: Ball
3-0: Base on Balls
Batting: LHB José Marín 0-0: Called Strike
Roberto Rodríguez steals 2nd base
0-1: Foul Ball, location: 2F
0-2: Ball
1-2: Foul Ball, location: 2F
1-2: Ball
2-2: Ball
3-2: Fly out, F8 (Flyball, 8LS)
Bottom of the 8th over - 0 runs, 0 hits, 0 errors, 1 left on base; Cincinnati 4 - Plumstead 4
TOP OF THE 9TH
Cincinnati Pride batting - Pitching for Plumstead Eagles : RHP John Bauer
Pitching: RHP Gilberto Ramírez
Now at 2B: Roland Murphy
Batting: LHB Gene Cherry 0-0: Called Strike
0-1: Ball
1-1: Called Strike
1-2: Ball
2-2: Ball
3-2: Strikes out looking
Pinch Hitting: RHB José Hernández 0-0: SINGLE (Popup, 4D)
Batting: SHB Jorge Maldonado 0-0: Ball
1-0: Foul Ball, location: 2F
1-1: Swinging Strike
1-2: Foul Ball, location: 2F
1-2: Ball
2-2: Foul Ball, location: 2F
2-2: Ball
José Hernández steals 2nd base
3-2: Intentional Walk
Pinch Hitting: LHB Bill Turner 0-0: Called Strike
0-1: Foul Ball, location: 2F
0-2: Foul Ball, location: 2F
0-2: Ball
1-2: SINGLE (Line Drive, 78S)
José Hernández to third
Jorge Maldonado to second
Runner from 3rd tries for Home, SAFE, no throw
Batting: LHB Kevin Hatcher 0-0: Called Strike
0-1: Ball
1-1: Ball
2-1: Swinging Strike
2-2: Foul Ball, location: 2F
2-2: Ground out 3-1 (Groundball, 34S)
Jorge Maldonado to third
Bill Turner to second
Batting: LHB Pablo Garza 0-0: Ball
1-0: Swinging Strike
1-1: Called Strike
1-2: Foul Ball, location: 2F
1-2: Fly out, F4 (Line Drive, 34)
Top of the 9th over - 1 run, 2 hits, 0 errors, 2 left on base; Cincinnati 5 - Plumstead 4
BOTTOM OF THE 9TH
Plumstead Eagles batting - Pitching for Cincinnati Pride : RHP Manuel Garza
Pitching: RHP Chet Miller
Now at C: Bill Turner
Now at 1B: Steve Davenport
Now in LF: Raúl Gómez
Batting: LHB Roberto Alba 0-0: Called Strike
0-1: Called Strike
0-2: Ground out 4-3 (Groundball, 34)
Batting: RHB Wayne Workman 0-0: Foul Ball, location: 2F
0-1: Ball
1-1: SINGLE (Groundball, 6M) (infield hit)
Pinch Hitting: LHB Chris Hutchison 0-0: Swinging Strike
0-1: Swinging Strike
0-2: Strikes out swinging
Batting: LHB Conan Bush 0-0: Called Strike
0-1: Ball
1-1: Ball
2-1: Ball
3-1: Base on Balls
Wayne Workman to second
Batting: RHB Larry Johnson 0-0: Foul Ball, location: 2F
0-1: Swinging Strike
0-2: Foul Ball, location: 2F
0-2: Fly out, F4 (Popup, 34S)
Bottom of the 9th over - 0 runs, 1 hit, 0 errors, 2 left on base; Cincinnati 5 - Plumstead 4
Saturday, April 7th, 2018 - OOTP Baseball 18.8 Build 76